 Dungeon Crawl Stone Soup version 0.31.0-12-g77e489cdc1 (webtiles) character file.

Game seed: 5382600843506375299

7995 Namechi the Party-goer (level 11, -10/84 HPs)
             Began as a Demonspawn Brigand on Mar 3, 2024.
             Was a High Priest of Uskayaw.
             Mangled by a white very ugly thing (37 damage)
             ... on level 9 of the Dungeon.
             The game lasted 00:12:08 (8155 turns).

Namechi the Party-goer (Demonspawn Brigand)         Turns: 8155, Time: 00:12:09

Health: -10/84     AC:  1    Str: 11    XL:     11   Next: 4%
Magic:  17/17      EV: 25    Int: 13    God:    Uskayaw [*****.]
Gold:   512        SH:  0    Dex: 18    Spells: 10/10 levels left

rFire   . .          .
                       - Unarmed
rCold   . . .        (shield currently unavailable)
rNeg    . . .        h - melded +0 scale mail
rPois   .            v - +1 helmet
rElec   .            c - +0 cloak
rCorr   .            (no gloves)
SInv    .            I - +1 pair of boots
Will    .....        l - amulet of faith {!P}
Stlth   +            E - +5 ring of evasion
HPRegen 0.34/turn    (no ring)
MPRegen 0.15/turn

%: faith
@: flux-form, corroded, on berserk cooldown, glowing
A: glow, contaminating, claws 2, foul stench 2, spiny 2
a: Begin Untransformation, Renounce Religion, Stomp, Line Pass, Grand Finale


You were on level 9 of the Dungeon.
You worshipped Uskayaw.
Uskayaw was aware of your devotion.
You were something dangerously unstable.
You visited 2 branches of the dungeon, and saw 10 of its levels.
You also visited: Ossuary.

You collected 512 gold pieces.


Innate Abilities, Weirdness & Mutations

You are something dangerously unstable.
You glow with magical radiation, making you easy to see and hit.
Foes you strike become dangerously contaminated with magical radiation.
You are incapable of wielding weapons or throwing items.
You have very sharp fingernails.
You sometimes emit foul miasma when damaged in melee.
You are mostly covered in sharp spines.


   Skills:
 + Level 7.2 Fighting
 - Level 1.7 Short Blades
 - Level 1.7 Throwing
 + Level 7.0 Dodging
 - Level 3.6 Stealth
 + Level 7.0 Unarmed Combat
 - Level 8.0 Invocations
 + Level 7.7 Shapeshifting


You had 10 spell levels left.
You didn't know any spells.
Your spell library contained the following spells:

 Spells                   Type           Power      Damage    Failure   Level
 Ensorcelled Hibernation  Hex/Ice        0%         N/A       43%         2
 Passwall                 Erth           0%         N/A       67%         3
 Swiftness                Air            0%         N/A       67%         3

Inventory:

Hand Weapons
 a - a +2 dagger
Missiles
 d - 54 poisoned darts (quivered)
 e - 4 curare-tipped darts {=f}
 x - a throwing net {=f}
Armour
 c - a +0 cloak (worn)
 h - a +0 scale mail (melded)
 v - a +1 helmet (worn)
 I - a +1 pair of boots (worn)
Jewellery
 l - an amulet of faith (around neck) {!P}
 E - a +5 ring of evasion (left claw)
 F - a ring of fire
Talismans
 g - a flux talisman (active)
Wands
 p - a wand of mindburst (3)
 A - a wand of flame (35)
Scrolls
 b - 4 scrolls of immolation
 i - 2 scrolls of poison {unknown}
 j - 2 scrolls of fog
 k - 4 scrolls of blinking
 m - 2 scrolls of vulnerability {unknown}
 r - 2 scrolls of enchant weapon
 t - a scroll of torment {unknown}
 u - 2 scrolls of revelation {unknown}
 w - 3 scrolls of teleportation {unknown}
 y - 3 scrolls of fear
 H - a scroll of brand weapon {unknown}
 J - a scroll of silence {unknown}
 L - a scroll of identify {@r1}
 M - a scroll of acquirement {unknown}
Potions
 f - 6 potions of curing {@q1}
 n - 2 potions of degeneration
 o - 6 potions of attraction
 q - 3 potions of berserk rage {!q}
 s - a potion of heal wounds {@q2}
 z - 3 potions of haste {@q3}
 B - a potion of might {unknown}
 C - a potion of brilliance
 D - a potion of ambrosia {unknown}
 G - 2 potions of invisibility
 K - a potion of enlightenment {unknown}

Dungeon Overview and Level Annotations

Branches:
Dungeon (9/15)             Temple (1/1) D:4            Lair (0/5) D:8
Ossuary (visited)
    Orc: D:9-12

Altars:
Cheibriados
Dithmenos
Fedhas
Hepliaklqana
Kikubaaqudgha
Makhleb
Nemelex Xobeh
Okawaru
Qazlal
Ru
Sif Muna
Uskayaw
Vehumet
Xom
Yredelemnul

Shops:
D:5

: ......##.#.▒ . .
...y......▒▒. .▒▒..
#........... ▒▒...
#.........▒▒ ...▒▒
.#.........▒..▒▒▒.⌠..▒
.......#...▒▒..)))..▒
...........▒.▒.▒)▒.▒.▒
▒▒▒▒▒▒.▒▒▒▒▒▒▒▒▒$▒ ▒
▒▒.▒†▒▒ ▒.▒.▒p▒ ▒
▒▒.▒▒▒.▒▒▒...▒u▒
▒▒▒.▒▒ ▒▒.▒▒▒▒.))▒
.▒.▒▒ ▒▒.▒..)†.▒ ...▒
▒.....).▒ .▒.▒
▒.▒▒▒▒)...▒ .▒▒.▒ ▒.▒▒
.......▒ .▒ ▒.▒ ▒.▒
.▒.▒...▒ .▒ ▒.▒.▒
..▒.▒.▒.▒


You could see a white very ugly thing (heavy contam).


Message History

You feel yourself speed up. The brown very ugly thing kicks you!
You are splashed with acid!
Uskayaw links your audience in an emotional bond!
You scratch the brown very ugly thing but do no damage.
The brown very ugly thing glows dangerously bright.
The brown very ugly thing is lightly wounded.
The brown very ugly thing is struck by your spines.
The brown very ugly thing kicks you.
You are splashed with acid!
* * * LOW HITPOINT WARNING * * *
Uskayaw prepares the audience for your solo!
The helpless brown very ugly thing fails to defend itself.
You claw the brown very ugly thing!
The brown very ugly thing shudders as magic cascades through it!!
You kill the centaur!
The brown very ugly thing basks in the mutagenic energy and changes!
The white very ugly thing is heavily wounded.
The white very ugly thing is no longer paralysed.
You scratch the white very ugly thing but do no damage.
The white very ugly thing begins to glow.
The white very ugly thing is heavily wounded.
The white very ugly thing barely misses you.
Unknown command.
You scratch the white very ugly thing.
The white very ugly thing glows dangerously bright.
The white very ugly thing is severely wounded.
The white very ugly thing is no longer sharing its pain.
The white very ugly thing punches you!
* * * LOW HITPOINT WARNING * * *
The white very ugly thing freezes you!!!
You die...

Skill      XL: |  1  2  3  4  5  6  7  8  9 10 11 |
---------------+----------------------------------+-----
Fighting       | 3 4 6 7 |  7.2
Unarmed Combat | 1 3 4 6 7 |  7.0
Shapeshifting  | 2 3 4 7 |  7.7
Dodging        | 3 5 7 |  7.0
Invocations    | 4 6 7 8 |  8.0
Short Blades   | |  1.7
Throwing       | |  1.7
Stealth        | |  3.6

Action                     |  1- 3 |  4- 6 |  7- 9 | 10-12 || total
---------------------------+-------+-------+-------+-------++-------
  Melee: Dagger            |   174 |       |       |       ||   174
         Punch             |     4 |     1 |     1 |       ||     6
         Unarmed           |       |   116 |   229 |   130 ||   475
    Use: Scroll            |       |       |    13 |       ||    13
         Potion            |       |       |     1 |     1 ||     2
   Stab: Sleeping          |     1 |     1 |     1 |       ||     3
         Distracted        |       |     1 |       |       ||     1
         Paralysed         |       |       |    17 |    18 ||    35
 Armour: Scale mail        |   146 |    87 |    15 |       ||   248
         Robe              |     3 |       |       |       ||     3
         Skin              |       |       |    68 |    31 ||    99
  Dodge: Dodged            |    75 |    45 |   165 |   158 ||   443
   Form: Flux              |       |       |     1 |       ||     1

Levels and vault maps discovered:
D:1:      co_arrival_hexagon_in_a_hexagon, layout_basic
D:2:      layout_basic, chequers_ecumenical_altar_simple
D:3:      layout_loops_corners, nicolae_yredelemnul_corpse_copse,
          amcnicky_mini_corridor_feature, grunt_decor_one_mirror, uniq_robin,
          uniq_jessica, uniq_ijyb
D:4:      layout_rooms, minmay_temple_entry_tees, nicolae_ossuary_entry_ruins,
          minmay_misc_feat_secret_circle, minmay_distorted
D:5:      layout_rooms, nicolae_shop_self_help
D:6:      layout_basic, grunt_temple_overflow_open, minmay_strange_pillars
D:7:      layout_cave_pools, overflow_temple_1_default
D:8:      layout_layer_cave, due_lair_maze_entry_diamond, grunt_ministairs_11,
          item_on_display_a
D:9:      minmay_the_grid_net [minmay_the_grid_garden,
          minmay_the_grid_tiny_cups, minmay_the_grid_embedded,
          minmay_the_grid_fan, minmay_the_grid_spikes,
          minmay_the_grid_prize_diamond_cup], layout_basic,
          kennysheep_minor_cross
Temple:   nicolae_temple_great_sept

Notes
Turn   | Place    | Note
-------+----------+-------------------------------------------
     0 | D:1      | Namechi the Demonspawn Brigand began the quest for the Orb.
     0 | D:1      | Reached XP level 1. HP: 16/16 MP: 1/1
   666 | D:1      | Gained mutation: You have sharp fingernails. [demonic
                  | ancestry]
   666 | D:1      | Reached XP level 2. HP: 14/23 MP: 2/2
   927 | D:2      | Reached skill level 3 in Fighting
  1081 | D:2      | Reached skill level 1 in Unarmed Combat
  1081 | D:2      | Gained mutation: You may rarely emit foul miasma when
                  | damaged in melee. [demonic ancestry]
  1081 | D:2      | Reached XP level 3. HP: 29/29 MP: 3/3
  1144 | D:2      | Found a faded altar of an unknown god.
  1521 | D:2      | Reached skill level 2 in Unarmed Combat
  1676 | D:3      | Noticed Jessica
  1676 | D:3      | Noticed Robin
  1697 | D:3      | Noticed a sky beast
  2010 | D:3      | Killed Jessica
  2011 | D:3      | Reached skill level 3 in Unarmed Combat
  2011 | D:3      | Gained mutation: You are partially covered in sharp spines.
                  | [demonic ancestry]
  2011 | D:3      | Reached XP level 4. HP: 35/35 MP: 4/4
  2054 | D:3      | Killed Robin
  2152 | D:3      | Reached skill level 1 in Shapeshifting
  2232 | D:3      | Killed a sky beast
  2233 | D:3      | Reached skill level 2 in Shapeshifting
  2233 | D:3      | Gained mutation: You are mostly covered in sharp spines.
                  | [demonic ancestry]
  2233 | D:3      | Reached XP level 5. HP: 29/41 MP: 5/5
  2420 | D:3      | Reached skill level 3 in Shapeshifting
  2447 | D:3      | Found a basalt altar of Yredelemnul.
  2923 | D:3      | Noticed Ijyb
  2935 | D:3      | Killed Ijyb
  2936 | D:3      | Gained mutation: You have very sharp fingernails. [demonic
                  | ancestry]
  2936 | D:3      | Reached XP level 6. HP: 44/47 MP: 6/6
  3039 | D:4      | Found a sand-covered staircase.
  3048 | Ossuary  | Entered an ossuary
  3157 | Ossuary  | Reached skill level 4 in Shapeshifting
  3264 | Ossuary  | Reached XP level 7. HP: 31/52 MP: 7/7
  3265 | Ossuary  | Reached skill level 5 in Shapeshifting
  3445 | D:4      | Found a staircase to the Ecumenical Temple.
  3455 | Temple   | Entered the Ecumenical Temple
  3465 | Temple   | Became a worshipper of Uskayaw the Reveller
  3480 | D:4      | Identified the +2 short sword of Salt {protect, rElec rCorr
                  | Int+4}
  3582 | D:4      | Reached * piety under Uskayaw
  3584 | D:4      | Reached ** piety under Uskayaw
  3920 | D:5      | Entered Level 5 of the Dungeon
  3920 | D:5      | Found Iwkofor's Self-Improvement Boutique.
  3969 | D:5      | Reached *** piety under Uskayaw
  3970 | D:5      | Reached skill level 6 in Shapeshifting
  4609 | D:6      | Reached skill level 7 in Shapeshifting
  4609 | D:6      | Reached XP level 8. HP: 58/58 MP: 8/8
  4621 | D:6      | Reached skill level 1 in Dodging
  4674 | D:6      | Reached skill level 1 in Invocations
  4677 | D:6      | Reached **** piety under Uskayaw
  4899 | D:6      | Reached skill level 2 in Invocations
  5003 | D:6      | Reached skill level 2 in Dodging
  5132 | D:6      | Found a snail-covered altar of Cheibriados.
  5155 | D:6      | Reached skill level 3 in Invocations
  5288 | D:6      | Reached skill level 4 in Fighting
  5301 | D:6      | Found a hazy altar of Hepliaklqana.
  5308 | D:6      | Reached skill level 4 in Unarmed Combat
  5437 | D:7      | Reached skill level 3 in Dodging
  5437 | D:7      | Reached skill level 4 in Invocations
  5627 | D:7      | Reached XP level 9. HP: 55/66 MP: 12/12
  5777 | D:7      | Reached skill level 5 in Fighting
  5777 | D:7      | Reached skill level 5 in Invocations
  5942 | D:7      | Noticed a cyclops
  5962 | D:7      | Killed a cyclops
  5963 | D:7      | Reached skill level 4 in Dodging
  5963 | D:7      | Reached skill level 5 in Unarmed Combat
  6247 | D:8      | Reached skill level 6 in Invocations
  6253 | D:8      | Reached ***** piety under Uskayaw
  6255 | D:8      | Reached skill level 6 in Fighting
  6256 | D:8      | Reached skill level 5 in Dodging
  6610 | D:8      | Reached skill level 6 in Unarmed Combat
  6836 | D:8      | Gained mutation: You sometimes emit foul miasma when
                  | damaged in melee. [demonic ancestry]
  6836 | D:8      | Reached XP level 10. HP: 72/76 MP: 14/14
  6842 | D:8      | Reached ****** piety under Uskayaw
  6859 | D:8      | Reached skill level 6 in Dodging
  7052 | D:8      | Found a staircase to the Lair.
  7359 | D:8      | Identified the +5 flail of the Ninety-Nine Quests {holy,
                  | rPois rC++ Dex+3}
  7887 | D:9      | Reached skill level 7 in Invocations
  8108 | D:9      | Noticed a five-headed hydra
  8117 | D:9      | Killed a five-headed hydra
  8118 | D:9      | Reached skill level 7 in Fighting
  8123 | D:9      | Noticed a smoke demon
  8125 | D:9      | Reached skill level 7 in Unarmed Combat
  8129 | D:9      | Reached skill level 7 in Dodging
  8134 | D:9      | Reached XP level 11. HP: 82/84 MP: 16/16
  8140 | D:9      | Reached skill level 8 in Invocations
  8145 | D:9      | Noticed a brown very ugly thing
  8155 | D:9      | Mangled by a white very ugly thing

Vanquished Creatures
  A hydra (D:9)
  A cyclops (D:7)
  A komodo dragon (D:8)
  2 kobold demonologists (D:9)
  2 hornets
  5 yaks (D:8)
  2 wraiths (D:9)
  2 steam dragons (D:7)
  5 water moccasins
  An orc warrior (D:6)
  3 sky beasts
  3 black bears
  A laughing skull (D:9)
  2 ice beasts
  3 centaurs
  8 kobold brigands
  5 scorpions
  6 bullfrogs
  6 wights
  4 killer bees (D:9)
  4 howler monkeys
  A hound (D:4)
  2 orc priests
  A jelly (D:6)
  A gnoll bouda (D:8)
  Jessica (D:3)
  8 iguanas
  Ijyb (D:3)
  5 orc wizards
  6 scorpion zombies
  3 mummies (Ossuary)
  Robin (D:3)
  4 gnolls (D:8)
  11 adders
  A white imp (D:5)
  4 ufetubi
  6 adder zombies
  2 dart slugs
  3 ribbon worms
  19 orcs
  6 endoplasms
  6 giant cockroaches
  A gnoll zombie (Ossuary)
  13 goblins
  8 hobgoblins
  4 quokkas
  5 ball pythons
  A ball python zombie (D:3)
  8 bats
  2 frilled lizards
  A giant cockroach zombie (D:3)
  3 jackal zombies (Ossuary)
  21 kobolds
  3 kobold zombies (Ossuary)
  2 rats
231 creatures vanquished.

Table legend: (Time is in decaauts)
 A = Elapsed time spent in this place.
 B = Non-inter-level travel time spent in this place.
 C = Inter-level travel time spent in this place.
 D = Time resting spent in this place.
 E = Time spent auto-exploring this place.
 F = Levels seen in this place.
 G = Mean time per level.
                   A        B        C        D        E       F      G
               +--------+--------+--------+--------+--------+-----+--------+
         Total |   8120 |   7908 |    212 |    628 |   5914 |  11 |  738.2 |
       Dungeon |   7739 |   7538 |    201 |    538 |   5746 |   9 |  859.9 |
        Temple |     20 |     10 |     10 |      0 |      0 |   1 |   20.0 |
       Ossuary |    360 |    360 |      0 |     90 |    168 |   1 |  360.0 |
               +--------+--------+--------+--------+--------+-----+--------+

Top non-repeatable levels by time:
     D:8: 1613 daAuts
     D:3: 1127 daAuts
     D:2: 1005 daAuts
     D:6: 892 daAuts
     D:1: 836 daAuts
     D:7: 811 daAuts
     D:5: 607 daAuts
     D:4: 544 daAuts
 Ossuary: 360 daAuts
     D:9: 300 daAuts
  Temple: 20 daAuts

Table legend:
 A = Non-vault XP
 B = Vault XP
 C = Vault XP percentage of total XP
 D = Non-vault monster count
 E = Vault monster count
 F = Vault count percentage of total count
                 A         B        C        D         E       F
            +---------+---------+-------+---------+---------+-------
      Total |    6446 |    4976 |  43.6 |     155 |      76 |  32.9
            +---------+---------+-------+---------+---------+-------
        D:1 |      15 |       0 |   0.0 |       9 |       0 |   0.0
        D:2 |      49 |       2 |   3.9 |      20 |       1 |   4.8
        D:3 |     165 |     152 |  47.9 |      14 |      18 |  56.2
        D:4 |     261 |       5 |   1.9 |      11 |       3 |  21.4
        D:5 |     309 |       0 |   0.0 |      12 |       0 |   0.0
        D:6 |    1082 |       0 |   0.0 |      32 |       0 |   0.0
        D:7 |    1786 |       0 |   0.0 |      12 |       0 |   0.0
        D:8 |    1383 |    2336 |  62.8 |      33 |      20 |  37.7
        D:9 |    1396 |    2047 |  59.5 |      12 |      12 |  50.0
    Ossuary |       0 |     434 | 100.0 |       0 |      22 | 100.0
            +---------+---------+-------+---------+---------+-------
